 Dungeon Crawl Stone Soup version 0.19-a0-1697-g0595f0e (webtiles) character file.

118 Saways the Slasher (level 4, 0/24 HPs)
             Began as a Deep Elf Fighter on Sept 26, 2016.
             Slain by a gnoll
             ... wielding a +0 flail
              (6 damage)
             ... on level 2 of the Dungeon.
             The game lasted 00:03:01 (2076 turns).

Saways the Slasher (Deep Elf Fighter)               Turns: 2076, Time: 00:03:03

Health: 0/24       AC:  8    Str: 12    XL:     4   Next: 72%
Magic:  6/6        EV:  9    Int: 13    God:
Gold:   61         SH:  0    Dex: 14    Spells: 0 memorised, 3 levels left

rFire  . . .     SeeInvis .     p - +1 falchion (freeze)
rCold  + . .     Gourm    .     b - +0 scale mail
rNeg   . . .     Faith    .     (no shield)
rPois  .         Spirit   .     (no helmet)
rElec  .         Dismiss  .     d - +0 cloak
rCorr  .         Reflect  .     (no gloves)
MR     +....     Harm     .     (no boots)
Stlth  ..........               (no amulet)
                                (no ring)
                                g - ring of protection from cold

@: no status effects
A: frail 1, magic resistance 1, weak 1
a: no special abilities


You were on level 2 of the Dungeon.
You were not hungry.

You visited 1 branch of the dungeon, and saw 3 of its levels.

You collected 61 gold pieces.

Inventory:

Hand Weapons
 a - a +0 long sword
 o - a +2 quarterstaff of chaos
 p - a +1 falchion of freezing (weapon)
Armour
 b - a +0 scale mail (worn)
 c - a +0 shield
 d - a +0 cloak (worn)
Jewellery
 g - a ring of protection from cold (left hand)
Scrolls
 e - a scroll of magic mapping {unknown}
Potions
 h - a potion of curing {unknown}
Comestibles
 f - 2 bread rations
 l - a meat ration


   Skills:
 + Level 2.9 Fighting
 * Level 3.4 Long Blades
 + Level 2.7 Armour
 + Level 1.9 Dodging
 - Level 2.4 Shields


You had 3 spell levels left.
You didn't know any spells.

Dungeon Overview and Level Annotations

Branches:
Dungeon (3/15)

Altars:


Innate Abilities, Weirdness & Mutations

You are frail. (-10% HP)
You are resistant to hostile enchantments. (MR+)
You are weak. (Str -2)


Message History

The gnoll barely misses you.
You closely miss the gnoll.
The gnoll is moderately wounded.
The gnoll hits you with a flail.
* * * LOW HITPOINT WARNING * * *
You are too injured to fight recklessly!
You are too injured to fight recklessly!
You are too injured to fight recklessly!
You hit the gnoll. You freeze the gnoll.
The gnoll is severely wounded.
The gnoll misses you.
You riposte.
You closely miss the gnoll.
The gnoll is severely wounded.
Your scale mail prevents you from hitting the gnoll.
The gnoll is severely wounded.
The gnoll barely misses you.
You riposte.
You closely miss the gnoll.
The gnoll is severely wounded.
You hit the gnoll but do no damage.
The gnoll is severely wounded.
The gnoll hits you with a flail.
You die...

........##### ♣.♣♣ #.....#<..#
......### ♣♣.♣ #...÷...#.#
.......# ♣♣.♣♣ #.....#...#
.....#.#### ♣♣...♣ #....##.###
.....#....### ♣....♣ #.)#.##.#
........#...# ##..## #.......###
............####....# #...#...#..
...(.....#...#......###.###.#.#..
...........###..@.......# #......
...#.....### #..g.......# ####(..
..##.....# #..........# ##..
########## ############ #.. #..
#.. #.. ###


You could see a gnoll.

Vanquished Creatures
  Crazy Yiuf (D:2)
  Ijyb (D:2)
  2 adders (D:2)
  2 dart slugs (D:1)
  A ball python (D:1)
  4 bats
  4 giant cockroaches
  4 hobgoblins (D:1)
  4 jackals (D:3)
  6 kobolds
  A quokka (D:2)
  A frilled lizard (D:2)
  4 goblins (D:1)
  4 rats
39 creatures vanquished.

Notes
Turn   | Place    | Note
-------+----------+-------------------------------------------
     0 | D:1      | Saways the Deep Elf Fighter began the quest for the Orb.
     0 | D:1      | Reached XP level 1. HP: 13/13 MP: 3/3
   237 | D:1      | Reached skill level 2 in Long Blades
   237 | D:1      | Reached XP level 2. HP: 18/18 MP: 4/4
   702 | D:2      | Reached XP level 3. HP: 7/22 MP: 5/5
  1107 | D:2      | Noticed Ijyb
  1122 | D:2      | Killed Ijyb
  1122 | D:2      | Reached skill level 3 in Long Blades
  1122 | D:2      | Reached skill level 1 in Dodging
  1122 | D:2      | Reached XP level 4. HP: 24/27 MP: 6/6
  1196 | D:2      | Found a runed door.
  1394 | D:2      | Noticed Crazy Yiuf
  1404 | D:2      | Killed Crazy Yiuf
  1405 | D:2      | Gained mutation: You are resistant to hostile enchantments. (MR+) [potion of mutation]
  1405 | D:2      | Gained mutation: You are weak. (Str -2) [potion of mutation]
  1405 | D:2      | Gained mutation: You are frail. (-10% HP) [potion of mutation]
  1434 | D:2      | HP: 1/36 [poisoned by Crazy Yiuf]
  2076 | D:2      | Slain by a gnoll

Vault maps used:
D:1:      dpeg_arrival_tiny_f
D:2:      first_bread, hangedman_feature_mirror, uniq_iyjb,
          uniq_crazy_yiuf_cottage
D:3:      minmay_wonky_spiral

Skill      XL: |  1  2  3 |
---------------+----------+-----
Long Blades    | 2 3 |  3.4
Dodging        | 1 |  1.9
Fighting       | |  2.9
Armour         | |  2.7
Shields        | |  2.4

Action                   |  1- 3 |  4- 6 || total
-------------------------+-------+-------++-------
Melee: Long sword        |   124 |       ||   124
       Falchion          |       |    58 ||    58
  Use: Scroll            |       |     6 ||     6
       Potion            |       |     5 ||     5
  Eat: Beef jerky        |       |     2 ||     2
       Chunk             |       |     1 ||     1
Armor: Scale mail        |    85 |    21 ||   106
Dodge: Dodged            |    62 |    21 ||    83
Block: Shield            |    68 |    11 ||    79
